 Dungeon Crawl Stone Soup version 0.19.5 (webtiles) character file.

6020 spiff the Frost Mage (level 10, -17/73 HPs)
             Began as a Merfolk Venom Mage on Mar 29, 2017.
             Was a Priest of Yredelemnul.
             Demolished by a hill giant
             ... wielding a +0 giant club
              (29 damage)
             ... on level 10 of the Dungeon.
             The game lasted 00:54:12 (17289 turns).

spiff the Frost Mage (Merfolk Venom Mage)          Turns: 17289, Time: 00:54:13

Health: -17/73     AC:  9    Str:  9    XL:     10   Next: 86%
Magic:  6/13       EV: 12    Int: 18    God:    Yredelemnul [***...]
Gold:   557        SH:  0    Dex: 14    Spells: 4 memorised, 4 levels left

rFire  . . .     SeeInvis .     R - +0 trident (freeze)
rCold  . . .     Gourm    .     w - +3 leather armour
rNeg   . . .     Faith    .     (no shield)
rPois  .         Spirit   .     J - +2 hat
rElec  .         Reflect  .     D - +0 cloak (curse)
rCorr  .         Harm     .     (no gloves)
MR     .....                    (no boots)
Stlth  +.........               (no amulet)
                                (no ring)
                                (no ring)

@: very slightly contaminated, very heavily drained
A: change form in water, swift swim, stealthy swim
a: Recall Undead Slaves, Injury Mirror, Animate Dead, Renounce Religion


You were on level 10 of the Dungeon.
You worshipped Yredelemnul.
Yredelemnul was most pleased with you.
You were hungry.

You visited 2 branches of the dungeon, and saw 11 of its levels.

You collected 557 gold pieces.

Inventory:

Hand Weapons
 d - a +0 hunting sling
 g - a +0 dagger
 R - a +0 trident of freezing (weapon)
Missiles
 j - 243 stones (quivered)
 O - 3 silver javelins
Armour
 a - a +0 robe
 w - a +3 leather armour (worn)
 D - a cursed +0 cloak (worn)
 J - a +2 hat (worn)
Magical Staves
 v - an uncursed staff of earth
Jewellery
 m - an uncursed amulet of faith
 y - an uncursed amulet of guardian spirit
Wands
 t - a wand of polymorph (13/24)
 C - a wand of disintegration (0/24)
 G - a wand of iceblast (5/15)
Scrolls
 f - 6 scrolls of remove curse
 n - 3 scrolls of amnesia
 q - a scroll of fear
 r - a scroll of blinking
 A - 3 scrolls of identify
 E - 2 scrolls of random uselessness
 L - a scroll of enchant armour {unknown}
 M - a scroll of magic mapping
Potions
 e - 2 potions of cure mutation
 h - 3 potions of curing
 k - a potion of ambrosia
 l - a potion of haste
 s - a potion of flight {unknown}
 u - 3 potions of heal wounds
 x - 3 potions of degeneration {unknown}
 F - 2 potions of lignification {unknown}
 H - 2 potions of brilliance {unknown}
 N - a potion of might {unknown}
 P - a potion of cancellation {unknown}
Books
 b - a Young Poisoner's Handbook

   Spells                             Type                      Level
   a - Sting                          Conjuration/Poison           1
   b - Mephitic Cloud                 Conjuration/Poison/Air       3
   c - Olgreb's Toxic Radiance        Poison                       4
   d - Alistair's Intoxication        Transmutation/Poison         5
   e - Venom Bolt                     Conjuration/Poison           5
 i - Sif Muna's Disquisition on Venom
   (You found it on level 3 of the Dungeon)

   Spells                             Type                      Level
   a - Sting                          Conjuration/Poison           1
 B - a book of Frost

   Spells                             Type                      Level
   a - Freeze                         Ice                          1
   b - Throw Frost                    Conjuration/Ice              2
   c - Ozocubu's Armour               Charms/Ice                   3
   d - Throw Icicle                   Conjuration/Ice              4
   e - Summon Ice Beast               Ice/Summoning                4
 K - a book of Misfortune

   Spells                             Type                      Level
   a - Confusing Touch                Hexes                        1
   b - Confuse                        Hexes                        3
   c - Gell's Gravitas                Hexes/Translocation          3
   d - Petrify                        Transmutation/Earth          4
   e - Metabolic Englaciation         Hexes/Ice                    5
   f - Yara's Violent Unravelling     Hexes/Transmutation          5
Comestibles
 c - 3 bread rations
 o - 6 meat rations
 p - 4 fruits
 z - a slice of pizza
 I - a beef jerky


   Skills:
 - Level 4.3(0.1) Fighting
 - Level 7.1(2.5) Dodging
 - Level 2.5(0.0) Stealth
 - Level 2.0(0.0) Spellcasting
 + Level 8.3(3.5) Conjurations
 + Level 10.0(5.1) Ice Magic
 - Level 3.0(0.0) Air Magic
 - Level 6.0(1.5) Poison Magic


You had 4 spell levels left.
You knew the following spells:

 Your Spells              Type           Power        Failure   Level  Hunger
a - Sting                 Conj/Pois      #...         12%         1    ##.....
b - Freeze                Ice            ###.         4%          1    ##.....
c - Throw Icicle          Conj/Ice       ###.....     63%         4    #####..
e - Mephitic Cloud        Conj/Pois/Air  #.......     52%         3    ####...


Dungeon Overview and Level Annotations

Branches:
Dungeon (10/15)            Temple (1/1) D:6
   Lair: D:8-11         Orc: D:9-12

Altars:
Ashenzari
Cheibriados
Dithmenos
Elyvilon
Fedhas
Gozag
Hepliaklqana
Kikubaaqudgha
Makhleb
Nemelex Xobeh
Okawaru
Qazlal
Ru
Sif Muna
Trog
Uskayaw
Vehumet
Xom
Yredelemnul
Zin
The Shining One

Shops:
D:4 }   D:6 *

Annotations:
D:4 wand of heal wound


Message History

You are feeling hungry.
The hill giant hits you with a giant club!
* * * LOW HITPOINT WARNING * * *
Casting: Freeze
Confirm with . or Enter, or press ? or * to list all spells.
Aiming: Freeze
Press: ? - help, Shift-Dir - straight line, f/p - hill giant
Aim: a hill giant, wielding a giant club (severely wounded)
You freeze the hill giant.
The hill giant is almost dead.
The hill giant barely misses you.
Casting: Freeze
Confirm with . or Enter, or press ? or * to list all spells.
Aiming: Freeze
Press: ? - help, Shift-Dir - straight line, f/p - hill giant
Aim: a hill giant, wielding a giant club (almost dead)
You miscast Freeze.
Nothing appears to happen.
The hill giant hits you with a giant club!!
You die...
Your body rises from the dead as a mindless zombie.

##....## #...# ......#
###.C.###
#.#.##########.......#
##.## #........##.##.#
### #.#####..##.##.#
#.##........##.#
#.#......#####.######
#.#..##..####.......#
#.........@C...####.###
###..###.####.##......#
#..###.####.##.##.#.#
####.........)....##.#.##
#......#####.#.......#..#
#.##.#.#####.##########.#
#.......##.....# #.#
#.#..#..##.....# #.#
#.#.##..##.....# #.#


You could see a hill giant.

Vanquished Creatures
  A troll (D:7)
  A two-headed ogre (D:8)
  Grinder (D:6)
  3 hippogriffs (D:8)
  A wraith (D:9)
  A wyvern (D:9)
  3 orc warriors
  An ice beast (D:10)
  A phantom (D:9)
  2 sky beasts
  A black bear (D:10)
  4 centaurs
  3 ogres
  A big kobold (D:8)
  4 bullfrogs
  8 scorpions
  3 killer bees (D:9)
  9 wights
  2 howler monkeys
  4 crimson imps
  A bullfrog zombie (D:10)
  6 hounds
  3 jellies
  13 orc wizards
  2 orc priests
  3 iguanas
  9 worker ants
  A killer bee zombie (D:10)
  A hound zombie (D:10)
  A hound skeleton (D:6)
  A worker ant zombie (D:8)
  2 gnolls (D:7)
  9 adders
  2 shadow imps
  2 oozes
  An adder skeleton (D:5)
  A worm (D:3)
  2 dart slugs
  5 leopard geckos
  35 orcs
  6 bats
  6 giant cockroaches
  7 goblins
  8 hobgoblins
  12 jackals
  7 quokkas
  5 frilled lizards
  8 kobolds
  2 quokka zombies
  8 rats
223 creatures vanquished.

Vanquished Creatures (collateral kills)
  A komodo dragon (D:8)
  A dream sheep (D:8)
  A big kobold (D:8)
  A killer bee (D:9)
  5 wights
  A crimson imp (D:9)
  A centaur zombie (D:9)
  An orc priest (D:8)
  A centaur skeleton (D:9)
  A worker ant (D:8)
  An orc wizard (D:9)
  A hound skeleton (D:9)
  2 adders
  A leopard gecko (D:8)
  2 orcs
21 creatures vanquished.

Vanquished Creatures (others)
  A komodo dragon zombie (D:8)
  A hippogriff zombie (D:8)
  A wyvern zombie (D:9)
  A bullfrog zombie (D:7)
  2 killer bee zombies (D:9)
  3 worker ant zombies
  3 scorpion zombies
  An iguana zombie (D:8)
  An orc zombie (D:5)
  A leopard gecko zombie (D:9)
15 creatures vanquished.

Grand Total: 259 creatures vanquished

Notes
Turn   | Place    | Note
-------+----------+-------------------------------------------
     0 | D:1      | spiff the Merfolk Venom Mage began the quest for the Orb.
     0 | D:1      | Reached XP level 1. HP: 13/13 MP: 3/3
   111 | D:1      | Reached XP level 2. HP: 19/19 MP: 1/5
  1175 | D:1      | Reached XP level 3. HP: 24/24 MP: 2/6
  1340 | D:2      | Noticed a moth of wrath
  1344 | D:2      | Found a bloodstained altar of Trog.
  1514 | D:2      | Learned a level 3 spell: Mephitic Cloud
  1792 | D:2      | Found a stormy altar of Qazlal.
  2503 | D:3      | Reached XP level 4. HP: 28/30 MP: 2/7
  2573 | D:3      | Reached skill level 1 in Air Magic
  2685 | D:3      | Found a deep blue altar of Sif Muna.
  2713 | D:3      | Reached skill level 5 in Poison Magic
  2950 | D:3      | Reached skill level 1 in Conjurations
  2950 | D:3      | Reached XP level 5. HP: 23/35 MP: 0/8
  2955 | D:3      | Identified Sif Muna's Disquisition on Venom
  4101 | D:3      | Reached XP level 6. HP: 5/41 MP: 0/9
  4390 | D:3      | Reached skill level 5 in Dodging
  4987 | D:4      | Found Bade Vaw's Gadget Shoppe.
  5126 | D:4      | Reached XP level 7. HP: 46/46 MP: 5/10
  5429 | D:4      | Found a hide-covered altar of Uskayaw.
  5824 | D:4      | You fall through a shaft for 3 floors!
  5887 | D:7      | Noticed a troll
  5928 | D:6      | Found Vocuiq's Assorted Antiques.
  6109 | D:5      | Entered Level 5 of the Dungeon
  6134 | D:5      | Learned a level 1 spell: Freeze
  6443 | D:6      | Reached skill level 1 in Ice Magic
  6527 | D:6      | Found a staircase to the Ecumenical Temple.
  6546 | Temple   | Entered the Ecumenical Temple
  6641 | Temple   | Became a worshipper of Yredelemnul the Dark
  6695 | D:6      | Noticed Grinder
  6709 | D:6      | Killed Grinder
  6709 | D:6      | Reached skill level 2 in Ice Magic
  6709 | D:6      | Reached XP level 8. HP: 46/52 MP: 2/11
  7012 | D:6      | Found an opulent altar of Gozag.
  7141 | D:6      | Reached skill level 3 in Ice Magic
  7272 | D:6      | Reached skill level 1 in Fighting
  7313 | D:6      | Found a white marble altar of Elyvilon.
  7790 | D:5      | Found a glowing silver altar of Zin.
  8129 | D:5      | Reached * piety under Yredelemnul
  8241 | D:5      | Reached skill level 4 in Ice Magic
  8523 | D:5      | Found an ancient bone altar of Kikubaaqudgha.
  8543 | D:5      | Found a sparkling altar of Nemelex Xobeh.
  8570 | D:5      | Found a glowing silver altar of Zin.
  8748 | D:5      | Found a snail-covered altar of Cheibriados.
  9274 | D:7      | Found a burning altar of Makhleb.
  9356 | D:7      | Reached XP level 9. HP: 60/64 MP: 7/12
  9563 | D:7      | Reached skill level 5 in Ice Magic
  9918 | D:7      | Killed a troll
 10050 | D:7      | Learned a level 4 spell: Throw Icicle
 10062 | D:8      | Reached skill level 5 in Conjurations
 10129 | D:8      | Noticed a two-headed ogre
 10274 | D:8      | Killed a two-headed ogre
 10274 | D:8      | Reached skill level 6 in Ice Magic
 10800 | D:8      | Noticed a komodo dragon
 11060 | D:8      | Reached skill level 7 in Ice Magic
 11516 | D:8      | Killed a komodo dragon
 11593 | D:8      | Reached XP level 10. HP: 32/73 MP: 8/13
 12096 | D:8      | Reached skill level 8 in Ice Magic
 12694 | D:9      | Reached ** piety under Yredelemnul
 13499 | D:9      | Reached skill level 9 in Ice Magic
 13810 | D:10     | Entered Level 10 of the Dungeon
 13820 | D:10     | Noticed a hill giant
 16040 | D:9      | Reached *** piety under Yredelemnul
 16761 | D:10     | Reached skill level 10 in Ice Magic
 16850 | D:10     | Noticed a cyclops
 17269 | D:10     | Noticed a hill giant
 17289 | D:10     | Demolished by a hill giant

Skill      XL: |  1  2  3  4  5  6  7  8  9 10 |
---------------+-------------------------------+-----
Dodging        | 3 4 5 6 7 |  7.1
Air Magic      | 1 2 3 |  3.0
Poison Magic   | 5 6 |  6.0
Conjurations   | 1 2 3 4 6 8 |  8.3
Ice Magic      | 2 4 7 10 | 10.0
Fighting       | 3 4 |  4.3
Stealth        | |  2.5
Spellcasting   | |  2.0

Action                   |  1- 3 |  4- 6 |  7- 9 | 10-12 || total
-------------------------+-------+-------+-------+-------++-------
Melee: Unarmed           |    16 |       |       |       ||    16
       Dagger            |    30 |    15 |       |       ||    45
       Trident           |       |    30 |    91 |   259 ||   380
Throw: Stone             |       |       |     2 |       ||     2
 Cast: Sting             |    83 |   124 |   223 |    98 ||   528
       Mephitic Cloud    |       |     1 |     1 |     4 ||     6
       Freeze            |       |       |   128 |   110 ||   238
       Throw Icicle      |       |       |       |     3 ||     3
Invok: Animate Remains   |       |       |     6 |     9 ||    15
Evoke: Wand              |       |       |     4 |     4 ||     8
  Use: Scroll            |     4 |     7 |     1 |     6 ||    18
 Stab: Sleeping          |     1 |     3 |     1 |     2 ||     7
       Distracted        |       |       |     1 |     2 ||     3
  Eat: Chunk             |     7 |    11 |    27 |    13 ||    58
       Fruit             |       |       |     1 |     1 ||     2
       Bread ration      |       |       |       |     3 ||     3
Armor: Robe              |    13 |    10 |       |       ||    23
       Leather armour    |       |       |    64 |   110 ||   174
Dodge: Dodged            |    40 |    45 |   177 |   293 ||   555
